[Event "Team 45 45 League T73"]
[Site "Internet Chess Club"]
[Date "2017.06.24"]
[Round "2"]
[White "GiantsFan"]
[Black "SeniorCitizen"]
[Result "0-1"]
[WhiteElo "1159"]
[BlackElo "1250"]
[Opening "QGD: 4.Nf3"]
[ECO "D37"]
[Time "14:01:02"]
[TimeControl "2700+45"]

1. d4 d5 2. c4 e6 3. Nf3 Nf6 4. Nc3 Be7 5. cxd5 exd5 6. e3 O-O 7. Bd3 Bg4 8. h3
Bh5 9. O-O c6 10. Be2 Nbd7 11. Nh4 Bg6 12. f4 Ne4 13. f5 Bxh4 14. fxg6 fxg6 15.
Bf3 Bf2+ 16. Rxf2 Nxf2 17. Kxf2 Nf6 18. Kg1 Qe7 19. Qd3 Nh5 20. Bxh5 gxh5 21.
Bd2 Rae8 22. a3 Qe6 23. Ra2 Qf5 24. Qxf5 Rxf5 25. Ra1 Re6 26. Rf1 Rxf1+ 27. Kxf1
Kf7 28. Kf2 Kf6 29. Kf3 Kf5 30. b4 g5 31. g4+ hxg4+ 32. hxg4+ Kf6 33. b5 Kg6 34.
a4 Rf6+ 35. Kg3 h5 36. e4 h4+ 37. Kg2 dxe4 38. Nxe4 Re6 39. Nxg5 Re2+ 40. Kh3
Rxd2 41. Kxh4 Rxd4 42. Ne6 Rxa4 43. bxc6 bxc6 44. Nc5 Ra5 45. Ne6 Re5 46. Nf4+
Kh6 47. Kg3 a5 48. Nd3 Re3+ 49. Kf4 Rxd3 50. Ke4 Rd1 51. Kf5 Rf1+ 52. Ke6 Kg5
53. Kd6 Rc1 54. Ke5 Kxg4 55. Kd6 a4 56. Kc7 a3 57. Kb6 a2 58. Ka5 c5 59. Kb5 c4
60. Kb4 c3 61. Kc5 c2 62. Kd6 Rb1 63. Kd5 Rb3 64. Ke5 Rd3 65. Ke4 Ra3 66. Kd4
Kf4 67. Kd5 Ra4 68. Kd6 Ra5 69. Ke6 Ke4 70. Kd6 Rh5 71. Ke6 Rh6+ 72. Kf7 Ke5 73.
Ke7 Rh7+ 74. Kd8 Ke6 75. Ke8 Rh8# {White checkmated} 0-1

[Event "Team 45 45 League T73"]
[Site "Internet Chess Club"]
[Date "2017.06.23"]
[Round "2"]
[White "oldbookseller"]
[Black "RobertBuice"]
[Result "0-1"]
[WhiteElo "862"]
[BlackElo "1053"]
[Opening "Queen's pawn game"]
[ECO "D04"]
[Time "18:04:04"]
[TimeControl "2700+45"]

1. d4 d5 2. Nf3 Nf6 3. e3 a6 4. Bd3 b5 5. Nbd2 Bg4 6. O-O e6 7. e4 dxe4 8. Nxe4
Bxf3 9. Qxf3 Nxe4 10. Bxe4 Ra7 11. Bf4 Qxd4 12. c3 Qf6 13. Rfd1 Be7 14. Rd2 O-O
15. Bc2 e5 16. Qe4 Qh4 17. h3 f6 18. Bb3+ Kh8 19. Qe3 Nc6 20. Bd5 exf4 21. Qe4
Ne5 22. Rad1 Bd6 23. Bc6 f5 24. Qd5 Nc4 25. Re2 f3 26. Re8 Rxe8 27. Bxe8 Bh2+
28. Kxh2 Qxf2 29. Qd8 Qxg2# {White checkmated} 0-1

[Event "Team 45 45 League T73"]
[Site "Internet Chess Club"]
[Date "2017.06.23"]
[Round "2"]
[White "drsigmund1"]
[Black "GideonL"]
[Result "1-0"]
[WhiteElo "1411"]
[BlackElo "1376"]
[Opening "Queen's pawn, Mason variation"]
[ECO "D00"]
[Time "18:01:03"]
[TimeControl "2700+45"]

1. d4 d5 2. Bf4 Nf6 3. e3 e6 4. Nf3 Be7 5. Bd3 O-O 6. h3 h6 7. Nbd2 Nbd7 8. O-O
c5 9. c3 b6 10. a4 Bb7 11. Ne5 Nxe5 12. Bxe5 cxd4 13. exd4 Rc8 14. Qb3 Bd6 15.
Nf3 Nh7 16. a5 Bxe5 17. Nxe5 Qd6 18. axb6 axb6 19. Ra7 Rc7 20. Rfa1 Rb8 21. Bb5
Nf6 22. Ba6 Bxa6 23. R1xa6 Rxa7 24. Rxa7 b5 25. Rxf7 b4 26. Qa4 bxc3 27. bxc3
Rc8 28. Qa7 Nh5 {Black resigns} 1-0

[Event "Team 45 45 League T73"]
[Site "Internet Chess Club"]
[Date "2017.06.23"]
[Round "2"]
[White "seattleblues"]
[Black "dabodhi"]
[Result "0-1"]
[WhiteElo "1292"]
[BlackElo "1324"]
[Opening "Queen's pawn"]
[ECO "A40"]
[Time "19:01:04"]
[TimeControl "2700+45"]

1. d4 c6 2. Nf3 d6 3. e4 Bg4 4. Nc3 Qc7 5. Be3 Nd7 6. Bd3 Ngf6 7. O-O e5 8. h3
Bh5 9. dxe5 dxe5 10. a3 Be7 11. b4 b5 12. Nb1 O-O 13. Nbd2 h6 14. Nb3 Bg6 15.
Nfd2 a6 16. Rc1 c5 17. c4 Rab8 18. cxb5 axb5 19. Nxc5 Nxc5 20. Bxc5 Bxc5 21.
Rxc5 Qd7 22. Qe2 Qe7 23. Rfc1 Nh5 24. Rc7 Qe6 25. R1c2 Nf4 26. Qf3 Qd6 27. Bf1
Ne6 28. R7c6 Qd7 29. Nb3 Ng5 30. Qg3 Rfe8 31. Nd2 Ne6 32. Ra6 Nd4 33. Ra2 Ne6
34. Ra5 Qd4 35. Bxb5 Red8 36. Bc6 Rbc8 37. Bd5 Nf4 38. Bb7 Ne2+ 39. Kh2 Nxg3 40.
fxg3 Rc1 41. Nf3 Qe3 42. Bd5 Rxd5 43. Rxd5 Bxe4 44. Rxe5 f6 45. Re8+ Kf7 46. Rd8
Bxf3 47. g4 Qg1+ 48. Kg3 Rc3 49. Rd7+ Kg6 50. Kh4 Qe1+ 51. g3 Bc6 {White
resigns} 0-1

[Event "Team 45 45 League T73"]
[Site "Internet Chess Club"]
[Date "2017.06.21"]
[Round "2"]
[White "Just-Jim"]
[Black "grekor"]
[Result "1-0"]
[WhiteElo "1271"]
[BlackElo "1068"]
[Opening "Scotch game"]
[ECO "C45"]
[Time "13:01:37"]
[TimeControl "2700+45"]

1. e4 e5 2. Nf3 Nc6 3. d4 exd4 4. Nxd4 Ne5 5. Bf4 d6 6. Bb5+ c6 7. Be2 Qe7 8.
O-O Ng6 9. Bg3 Qxe4 10. Re1 Qd5 11. Bc4+ Be6 12. Bxd5 cxd5 13. Nxe6 fxe6 14.
Rxe6+ Kd7 15. Qxd5 Rc8 16. Bxd6 Rxc2 17. Bxf8+ Kc7 18. Qd6+ Kc8 19. Re8# {Black
checkmated} 1-0

[Event "Team 45 45 League T73"]
[Site "Internet Chess Club"]
[Date "2017.06.21"]
[Round "2"]
[White "Rbug"]
[Black "Xbug"]
[Result "0-1"]
[WhiteElo "990"]
[BlackElo "1159"]
[Opening "Sicilian defense"]
[ECO "B34"]
[Time "16:31:36"]
[TimeControl "2700+45"]

1. e4 c5 2. Nf3 Nc6 3. d4 cxd4 4. Nxd4 g6 5. Bb5 Bg7 6. Nxc6 bxc6 7. Bc4 Qc7 8.
Qf3 e6 9. Bf4 Qb6 10. Nc3 Qxb2 11. O-O Qxc3 12. Bd3 Be5 13. Be3 Bg7 14. Rab1 Ne7
15. Rb3 Qa5 16. Qe2 O-O 17. Bd2 Qc7 18. Qf3 d5 19. Bf4 e5 20. Be3 d4 21. Bg5 Be6
22. Rb2 c5 23. Rfb1 f6 24. Rb7 Qd6 25. Bd2 Rfb8 26. Qd1 c4 27. Rxa7 Rxb1 28.
Qxb1 Rxa7 29. Bb4 Qb8 30. Be2 {White resigns} 0-1

[Event "Team 45 45 League T73"]
[Site "Internet Chess Club"]
[Date "2017.06.25"]
[Round "2"]
[White "mongmong"]
[Black "smsxman"]
[Result "1-0"]
[WhiteElo "1494"]
[BlackElo "1285"]
[Opening "Sicilian: Taimanov variation"]
[ECO "B45"]
[Time "12:01:16"]
[TimeControl "2700+45"]

1. d4 e6 2. Nf3 c5 3. e4 cxd4 4. Nxd4 Nc6 5. Nc3 Nf6 6. Ndb5 Bc5 7. Bf4 e5 8.
Be3 Bxe3 9. Nd6+ Kf8 10. fxe3 g6 11. Bc4 Qb6 12. Qe2 Na5 13. Nxf7 Nxc4 14. Nxh8
Qxe3 15. Rf1 Qxe2+ 16. Kxe2 Kg7 17. Nf7 Kxf7 18. Nd5 b6 19. Nxf6 Kg7 20. b3 Na3
21. Nd5 Ba6+ 22. c4 b5 23. Nc7 Nc2 24. Nxa6 Nxa1 25. Rxa1 bxc4 26. bxc4 Rc8 27.
Rc1 d6 28. Nb4 Rb8 29. Nd3 a5 30. Rc2 Rb1 31. c5 dxc5 32. Nxe5 Rg1 33. Kf2 Ra1
34. Nd7 c4 35. Ne5 c3 36. Ke3 Re1+ 37. Kd3 Kf6 38. Nf3 Rd1+ 39. Kxc3 Rd8 40. e5+
Kf5 41. Kb3 g5 42. h3 h5 43. Rd2 Rxd2 44. Nxd2 Kxe5 45. Ka4 Kf4 46. Nf1 g4 47.
hxg4 hxg4 48. Kxa5 Ke4 49. Kb6 Kd3 50. a4 Ke2 51. Nh2 g3 52. Ng4 Kf1 53. Ne3+
Kf2 54. Nf5 Kxg2 55. Nxg3 Kxg3 56. a5 Kf4 57. a6 Ke5 58. a7 Kd6 59. a8=Q {Black
resigns} 1-0

[Event "Team 45 45 League T73"]
[Site "Internet Chess Club"]
[Date "2017.06.25"]
[Round "2"]
[White "tasawyer81"]
[Black "rhayder"]
[Result "0-1"]
[WhiteElo "1132"]
[BlackElo "1127"]
[Opening "King's Indian, 3.Nf3"]
[ECO "E90"]
[Time "21:07:19"]
[TimeControl "2700+45"]

1. d4 Nf6 2. c4 g6 3. Nf3 Bg7 4. Nc3 O-O 5. e4 d6 6. Bd3 c5 7. O-O cxd4 8. Nxd4
Nc6 9. Be3 Ng4 10. Qd2 Nxd4 11. h3 Nxe3 12. fxe3 Nc6 13. Nd5 Ne5 14. Rac1 Nxd3
15. Qxd3 Bxb2 16. Rc2 Be5 {White resigns} 0-1

[Event "Team 45 45 League T73"]
[Site "Internet Chess Club"]
[Date "2017.06.22"]
[Round "2"]
[White "chips"]
[Black "WzeroMN"]
[Result "1-0"]
[WhiteElo "1217"]
[BlackElo "1119"]
[Opening "Polish (Sokolsky) opening"]
[ECO "A00"]
[Time "09:01:31"]
[TimeControl "2700+45"]

1. b4 e5 2. Bb2 d6 3. e4 Nf6 4. d3 Be7 5. Nd2 b6 6. Ngf3 O-O 7. Be2 Bg4 8. O-O
b5 9. c4 bxc4 10. dxc4 Bxf3 11. Bxf3 Nc6 12. b5 Nd4 13. Bxd4 exd4 14. Nb3 a6 15.
Nxd4 c5 16. Nf5 axb5 17. cxb5 Qb6 18. e5 Rfe8 19. Bxa8 Rxa8 20. Nxe7+ Kf8 21.
Qxd6 Qxd6 22. exd6 Rd8 23. Rfd1 Nd7 24. a4 Rb8 25. g3 f6 26. Nc6 Re8 27. a5 Ne5
28. d7 Nf3+ 29. Kg2 {Black resigns} 1-0

[Event "Team 45 45 League T73"]
[Site "Internet Chess Club"]
[Date "2017.06.22"]
[Round "2"]
[White "JPSVI"]
[Black "room-matt"]
[Result "0-1"]
[WhiteElo "1371"]
[BlackElo "1816"]
[Opening "QGD: classical variation (5.Bf4)"]
[ECO "D37"]
[Time "15:04:20"]
[TimeControl "2700+45"]

1. Nf3 d5 2. d4 Nf6 3. c4 e6 4. Nc3 Be7 5. Bf4 O-O 6. e3 c5 7. dxc5 Bxc5 8. cxd5
exd5 9. Be2 Nc6 10. O-O Be6 11. Rc1 Rc8 12. Bg5 Be7 13. a3 Re8 14. b4 a5 15.
Bxf6 Bxf6 16. b5 Ne5 17. Nd4 Qd6 18. a4 Qb4 19. Qb3 Ng6 20. Qxb4 axb4 21. Na2
Bxd4 22. exd4 Nf4 23. Bd1 b3 24. Rxc8 Rxc8 25. Bxb3 Ne2+ 26. Kh1 Nxd4 27. Bd1
Bf5 28. Re1 Kf8 29. Re3 Bc2 30. Rc3 Re8 {White resigns} 0-1

[Event "Team 45 45 League T73"]
[Site "Internet Chess Club"]
[Date "2017.06.21"]
[Round "2"]
[White "Goli"]
[Black "Ajolote"]
[Result "0-1"]
[WhiteElo "1784"]
[BlackElo "1757"]
[Opening "Sicilian: Alapin's variation (2.c3)"]
[ECO "B22"]
[Time "17:01:09"]
[TimeControl "2700+45"]

1. e4 c5 2. c3 d5 3. exd5 Qxd5 4. d4 cxd4 5. cxd4 Nc6 6. Nf3 Nf6 7. Be2 g6 8.
Nc3 Qd8 9. d5 Nb8 10. Bf4 a6 11. a4 Bg7 12. Rc1 O-O 13. O-O Bf5 14. Nh4 Qd7 15.
Qb3 Ne4 16. Nxf5 Nxc3 17. bxc3 Qxf5 18. Qxb7 Nd7 19. Bg3 Nc5 20. Qxe7 Nb3 21.
Rcd1 Rfe8 22. Qa3 Qc2 23. Bf3 Rad8 24. Bf4 Bxc3 25. Rb1 Nd4 26. Rfc1 Nxf3+ 27.
gxf3 Qf5 28. Bc7 Be5 29. Bxd8 Qh3 30. Be7 Bxh2+ 31. Kh1 Bg3+ 32. Kg1 Qh2+ {White
resigns} 0-1

[Event "Team 45 45 League T73"]
[Site "Internet Chess Club"]
[Date "2017.06.24"]
[Round "2"]
[White "fireball"]
[Black "fishhead"]
[Result "0-1"]
[WhiteElo "1543"]
[BlackElo "1704"]
[Opening "French: Tarrasch, closed variation"]
[ECO "C05"]
[Time "10:01:59"]
[TimeControl "2700+45"]

1. e4 e6 2. d4 d5 3. Nd2 Nf6 4. e5 Nfd7 5. Ngf3 c5 6. c3 Nc6 7. Bd3 Qb6 8. Qa4
Be7 9. O-O O-O 10. Be2 f6 11. exf6 Bxf6 12. Nb3 e5 13. dxc5 Nxc5 14. Nxc5 Qxc5
15. Be3 Qe7 16. Qc2 e4 17. Nd2 Bf5 18. Nb3 Rac8 19. Bc5 Qe6 20. Bxf8 Kxf8 21.
Qd2 Rd8 22. Rad1 Be5 23. f4 Bc7 24. Kh1 Qh6 25. Qe3 g5 26. Qc5+ Kf7 27. Rxd5
Rxd5 28. Qxd5+ Kg6 29. Qg8+ Kf6 30. Qxg5+ Qxg5 31. fxg5+ Kxg5 32. Nd4 Nxd4 33.
cxd4 Be6 34. b3 Bb6 35. Rd1 Kf4 36. d5 Bd7 37. Bc4 h5 38. g3+ Ke3 39. Kg2 Bg4
40. Re1+ Kd4 41. h3 Bf3+ 42. Kh2 Bc7 43. Rf1 h4 44. Rg1 Ke3 45. a4 Kf2 46. Rf1+
Ke3 47. Rg1 hxg3+ 48. Rxg3 Kf2 49. h4 Bg4 50. h5 Bxg3+ 51. Kh1 Bf3# {White
checkmated} 0-1

[Event "Team 45 45 League T73"]
[Site "Internet Chess Club"]
[Date "2017.06.24"]
[Round "2"]
[White "santiagoelawad"]
[Black "LittleButton"]
[Result "1-0"]
[WhiteElo "1988"]
[BlackElo "1864"]
[Opening "English: Neo-Catalan declined"]
[ECO "E06"]
[Time "14:04:38"]
[TimeControl "2700+45"]

1. c4 e6 2. Nf3 d5 3. g3 Nf6 4. Bg2 Be7 5. O-O O-O 6. d4 dxc4 7. Qc2 a6 8. Nbd2
b5 9. b3 cxb3 10. Nxb3 Bb7 11. Bf4 Nbd7 12. Bxc7 Qc8 13. Qc1 Nd5 14. Ba5 Qxc1
15. Rfxc1 Rac8 16. Rxc8 Rxc8 17. Rc1 Rxc1+ 18. Nxc1 N5b6 19. Nb3 Nc4 20. Bc7 Nf6
21. Nc5 Bxc5 22. dxc5 Kf8 23. Bf1 Ne4 24. Ne5 Nxc5 25. Nxc4 {Black resigns} 1-0

[Event "Team 45 45 League T73"]
[Site "Internet Chess Club"]
[Date "2017.06.26"]
[Round "2"]
[White "ChessHouston"]
[Black "primerpaso"]
[Result "1-0"]
[WhiteElo "1642"]
[BlackElo "1802"]
[Opening "Sicilian: Najdorf, Adams attack"]
[ECO "B90"]
[Time "16:10:27"]
[TimeControl "2700+45"]

1. e4 c5 2. Nf3 d6 3. d4 cxd4 4. Nxd4 Nf6 5. Nc3 a6 6. h3 e5 7. Nde2 Be6 8. g4
h6 9. Bg2 Nbd7 10. Be3 Qc7 11. Qd2 Nb6 12. b3 Be7 13. Nd5 Bxd5 14. exd5 Nfd7 15.
Ng3 O-O-O 16. Nf5 Bf8 17. a4 Kb8 18. a5 Nc8 19. Ra4 Nf6 20. Rc4 Qd7 21. Qb4 g6
22. Ng3 Be7 23. h4 Ne8 24. h5 Bg5 25. Bxg5 hxg5 26. Qd2 Qe7 27. Ne4 f6 28. Ng3
Qg7 29. Be4 Ne7 30. Rg1 Qf7 31. Qd3 Rg8 32. hxg6 Nxg6 33. Bxg6 Qxg6 34. Qxg6
Rxg6 35. Rh1 Nc7 36. Ne4 Nxd5 37. Nxd6 Rg7 38. Ne4 Rgd7 39. Nc5 Rd6 40. Ke2 Nf4+
41. Kf3 Rc8 42. Rh7 b5 43. axb6 Nd5 44. Nxa6+ {Black resigns} 1-0

[Event "Team 45 45 League T73"]
[Site "Internet Chess Club"]
[Date "2017.06.22"]
[Round "2"]
[White "Portola"]
[Black "Yedixon"]
[Result "0-1"]
[WhiteElo "1755"]
[BlackElo "1717"]
[Opening "Queen's pawn game"]
[ECO "D02"]
[Time "18:05:52"]
[TimeControl "2700+45"]

1. d4 d5 2. Nf3 Bg4 3. c3 Bxf3 4. exf3 c6 5. Bd3 Nf6 6. Bf4 Nbd7 7. h3 e6 8. Nd2
Qb6 9. Qb3 c5 10. Qxb6 axb6 11. Bb5 Ra5 12. a4 Be7 13. O-O O-O 14. Rfe1 Rc8 15.
Rec1 Nb8 16. Nb3 Ra8 17. Bxb8 Rcxb8 18. g3 Ne8 19. Be2 c4 20. Nd2 Ra7 21. Bd1
Rba8 22. Rab1 Rc8 23. Kg2 Kf8 24. Bc2 Nd6 25. f4 b5 26. axb5 Nxb5 27. Nf3 Bd6
28. f5 h6 29. fxe6 fxe6 30. Re1 Re8 31. Ra1 Rxa1 32. Rxa1 Re7 33. Bg6 Rd7 34.
Ra8+ Ke7 35. Bc2 Nc7 36. Ra1 b5 37. Nh4 b4 38. cxb4 Bxb4 39. Ng6+ Kd6 40. Ne5
Re7 41. Ra4 Bd2 42. h4 Re8 43. Ra7 Ra8 44. Nf7+ Kc6 45. Ne5+ Kb6 46. Rxa8 Nxa8
47. Nd7+ Kc6 48. Ne5+ Kd6 49. Nf3 Bc1 50. b3 c3 51. Kf1 Nc7 52. Bd3 Bb2 53. Ke2
Na6 54. Bxa6 c2 {White resigns} 0-1

[Event "Team 45 45 League T73"]
[Site "Internet Chess Club"]
[Date "2017.06.24"]
[Round "2"]
[White "Beetlejuice"]
[Black "Heian"]
[Result "1/2-1/2"]
[WhiteElo "1754"]
[BlackElo "1660"]
[Opening "Queen's gambit declined"]
[ECO "D30"]
[Time "13:02:03"]
[TimeControl "2700+45"]

1. d4 d5 2. c4 e6 3. Nf3 f5 4. Nc3 c6 5. Bf4 Bd6 6. Bxd6 Qxd6 7. e3 Nf6 8. Bd3
O-O 9. Qc2 g6 10. O-O Nbd7 11. Rad1 Qe7 12. Rfe1 Nb6 13. b3 Nbd7 14. Rb1 e5 15.
dxe5 Nxe5 16. Nxe5 Qxe5 17. cxd5 Nxd5 18. Nxd5 cxd5 19. Red1 Be6 20. Be2 Rac8
21. Qd2 Rfd8 22. Bf3 Rc7 23. Rbc1 Rcd7 24. Qd4 Qxd4 25. Rxd4 Kf7 26. Kf1 Kf6 27.
Ke2 Ke5 28. g3 Kd6 29. Rcd1 Kc5 30. Rc1+ Kb6 31. Kd2 Rd6 32. Rc3 Rc6 33. Kc2
Rdc8 34. Rb4+ Kc7 35. Kd2 Kd6 36. Rxc6+ bxc6 37. Rb7 Rc7 38. Rxc7 Kxc7 39. b4 c5
40. bxc5 Kc6 41. a3 Kxc5 42. Kc3 a5 43. Be2 {Game drawn by mutual agreement}
1/2-1/2